 Dungeon Crawl Stone Soup version 0.31.0-12-g77e489cdc1 (webtiles) character file.

Game seed: 10053264147063844494

79 gohu the Magician (level 4, -4/31 HPs)
             Began as a Djinni Fire Elementalist on Mar 7, 2024.
             Slain by a gnoll
             ... wielding a +0 halberd
              (11 damage)
             ... on level 2 of the Dungeon.
             The game lasted 00:03:27 (1959 turns).

gohu the Magician (Djinni Fire Elementalist)        Turns: 1959, Time: 00:03:28

Health: -4/31      AC:  3    Str:  7    XL:     4   Next: 64%
Gold:   139        EV: 12    Int: 19    God:
                   SH:  0    Dex: 13

rFire   + + .        (no weapon)
rCold   x . .        (no shield)
rNeg    . . .        a - +0 robe
rPois   ∞            m - +0 helmet
rElec   .            (no cloak)
rCorr   .            (no gloves)
SInv    .            (boots unavailable)
Will    .....        (no amulet)
Stlth   ++           (no ring)
HPRegen 0.25/turn    (no ring)
MPRegen 0.00/turn

%: infuse magic (-5 HP)
@: flying
A: sickness immunity, fire resistance 2, cold vulnerability 1, float, innate
caster, HP casting, extra vitality 1
a: no special abilities


You were on level 2 of the Dungeon.
You visited 1 branch of the dungeon, and saw 3 of its levels.

You collected 139 gold pieces.

Inventory:

Armour
 a - a +0 robe (worn)
 m - a +0 helmet (worn)
Scrolls
 b - a scroll of identify {unknown}
 c - 2 scrolls of revelation {unknown}
 d - a scroll of poison {unknown}
 g - 2 scrolls of silence {unknown}
 i - 3 scrolls of enchant weapon {unknown}
 j - 2 scrolls of vulnerability {unknown}
 k - 2 scrolls of teleportation {unknown}
Potions
 e - a potion of cancellation {unknown}
 f - 2 potions of curing {unknown}
 h - a potion of ambrosia {unknown}
 l - a potion of enlightenment {unknown}


   Skills:
 - Level 2.1 Dodging
 - Level 1.5 Stealth
 + Level 4.4 Spellcasting
 + Level 4.4 Conjurations
 + Level 4.4 Hexes
 + Level 4.4 Summonings
 + Level 4.4 Necromancy
 + Level 4.4 Translocations
 + Level 4.4 Fire Magic
 + Level 4.4 Ice Magic
 + Level 4.4 Air Magic
 + Level 4.4 Earth Magic
 + Level 4.4 Alchemy


You knew the following spells:

 Your Spells              Type           Power      Damage    Failure   Level
a - Foxfire               Conj/Fire      84%        2x1d8     2%          1
b - Scorch                Fire           42%        2d6       3%          2
c - Volatile Blastmotes   Fire/Tloc      42%        2d13      6%          3
d - Inner Flame           Hex/Fire       21%        N/A       6%          3
e - Flame Wave            Conj/Fire      21%        2d8       22%         4
f - Freeze                Ice            84%        1d9       2%          1
Your spell library was empty.

Dungeon Overview and Level Annotations

Branches:
Dungeon (3/15)

Altars:


Innate Abilities, Weirdness & Mutations

You are immune to sickness and miasma.
You are immune to poison.
Your flesh is very heat resistant. (rF++)
You are vulnerable to cold. (rC-)
You float through the air rather than walking.
You learn spells naturally, not from books.
Your magical power is your life essence.
You have superior vitality. (+4 MHP)


Message History

The bat hits you but does no damage. The bat closely misses you.
The bat closely misses you. The bat hits you. The bat barely misses you.
The bat attacks as it pursues you! The bat closely misses you. x2
The bat attacks as it pursues you! The bat barely misses you.
The bat hits you but does no damage.
Things that are here:
a throwing net; a +0 spear The bat hits you.
The bat misses you. The bat barely misses you.
The bat attacks as it pursues you! The bat hits you. The bat barely misses you.
The bat hits you but does no damage. The bat barely misses you.
The bat hits you. The bat barely misses you.
The bat hits you but does no damage. The bat attacks as it pursues you!
The bat barely misses you. x2
The bat misses you. The bat hits you but does no damage.
The bat attacks as it pursues you! The bat barely misses you. The bat hits you.
The bat hits you but does no damage. x2
The bat attacks as it pursues you! The bat closely misses you.
The bat barely misses you. The bat hits you but does no damage.
The bat hits you. The bat attacks as it pursues you!
The bat hits you but does no damage. x2
The bat misses you. The bat hits you but does no damage. The bat hits you.
The bat hits you but does no damage.
Casting: Scorch (safe; 3% risk of failure)
Confirm with . or Enter, or press ? or * to list all spells.
You conjure some foxfire!
The bat misses you. The bat hits you but does no damage.
The foxfire hits the gnoll but does no damage.
The gnoll is almost dead.
The foxfire hits the bat!
You kill the bat!
The gnoll hits you from afar with a +0 halberd!
* * * LOW HITPOINT WARNING * * *
The gnoll attacks as it pursues you! The gnoll closely misses you.
The hobgoblin shouts!
The gnoll attacks as it pursues you!
The gnoll hits you from afar with a +0 halberd!
You die...

..###### #................(. ###
#.8.8.8.8.8.8...### #
#####.)............## #
#.....##...r##.###.# ######
#.^.###...####.###.# #.†..#
#...##..### ##.....# ##.##.#
#...##g######....###
##.##.#####.(.##.##.....####
##.##.##......##@#..##### #
##.##..#....#..>........# ######
.....#.#....##..........####.....
##.#...#....##...............####
##.##...................######
##.###......##......g...#
##.####)....##..........# ....#
#.....##..........# ....#
#.######..........#


You could see a gnoll and a hobgoblin.

Vanquished Creatures
  A gnoll (D:2)
  2 adders
  8 endoplasms
  4 giant cockroaches
  5 goblins
  9 hobgoblins
  3 kobolds
  A quokka (D:1)
  5 ball pythons
  2 bats
  5 frilled lizards
  3 rats
48 creatures vanquished.

Vanquished Creatures (others)
  217 foxfires
217 creatures vanquished.

Grand Total: 265 creatures vanquished

Notes
Turn   | Place    | Note
-------+----------+-------------------------------------------
     0 | D:1      | gohu the Djinni Fire Elementalist began the quest for the
                  | Orb.
     0 | D:1      | gohu set off with the following spells memorised: Foxfire,
                  | Scorch, Volatile Blastmotes, Inner Flame, Flame Wave.
     0 | D:1      | Reached XP level 1. HP: 15/15 MP: 0/0
   314 | D:1      | Reached XP level 2. HP: 19/21 MP: 0/0
   992 | D:2      | Reached XP level 3. HP: 24/25 MP: 0/0
   992 | D:2      | Learned a level 1 spell: Freeze
  1468 | D:2      | Reached XP level 4. HP: 26/31 MP: 0/0
  1959 | D:2      | Slain by a gnoll

Illustrated notes

Levels and vault maps discovered:
D:1:      nicolae_arrival_washed_ashore, layout_basic,
          chequers_serial_rivers_small_b
D:2:      layout_rooms, minmay_misc_feat_pillars, minmay_domino_2, uniq_robin
D:3:      layout_loops_ring, kennysheep_decorative_pillar

Skill      XL: |  1  2  3 |
---------------+----------+-----
Spellcasting   | 4 |  4.4
Conjurations   | 4 |  4.4
Hexes          | 4 |  4.4
Summonings     | 4 |  4.4
Necromancy     | 4 |  4.4
Translocations | 4 |  4.4
Fire Magic     | 4 |  4.4
Ice Magic      | 4 |  4.4
Air Magic      | 4 |  4.4
Earth Magic    | 4 |  4.4
Alchemy        | 4 |  4.4
Dodging        | |  2.1
Stealth        | |  1.5

Action                     |  1- 3 |  4- 6 || total
---------------------------+-------+-------++-------
   Cast: Foxfire           |   101 |    35 ||   136
         Scorch            |     2 |     5 ||     7
 Armour: Robe              |    12 |    31 ||    43
  Dodge: Dodged            |    17 |    36 ||    53
